 Dungeon Crawl Stone Soup version 0.27-a0-1219-g958d993ae5 (webtiles) character file.

Game seed: 1556625996384570424

501 polve the Skirmisher (level 6, -2/51 HPs)
             Began as a Demonspawn Abyssal Knight on June 6, 2021.
             Was a Believer of Lugonu.
             Slain by an ice beast (3 damage)
             ... on level 5 of the Dungeon.
             The game lasted 00:04:57 (6536 turns).

polve the Skirmisher (Demonspawn Abyssal Knight)    Turns: 6536, Time: 00:04:57

Health: -2/51      AC:  9    Str: 13 (15) XL:     6   Next: 95%
Magic:  7/7        EV: 11    Int: 11 (13) God:    Lugonu [**....]
Gold:   170        SH:  4    Dex: 10 (12) Spells: 5/5 levels left

rFire    . . .     SeeInvis .   k - +0 rapier
rCold    . . .     Faith    .   l - +0 buckler
rNeg     . . .     Spirit   .   f - +0 chain mail
rPois    .         Reflect  .   n - +0 helmet
rElec    .         Harm     .   (no cloak)
rCorr    .         Rampage  .   (no gloves)
Will     .....                  (no boots)
Stlth    ..........             (no amulet)
HPRegen  0.17/turn              q - +4 ring of evasion
MPRegen  0.10/turn              (no ring)

@: no status effects
A: repulsion field 1, foul stench 2
a: Renounce Religion, Depart the Abyss, Bend Space


You were on level 5 of the Dungeon.
You worshipped Lugonu.
Lugonu was pleased with you.
You visited 1 branch of the dungeon, and saw 5 of its levels.
You visited the Abyss 1 time.

You collected 170 gold pieces.

Inventory:

Hand Weapons
 a - a +1 short sword
 k - a +0 rapier (weapon)
Armour
 b - a +0 leather armour
 f - a +0 chain mail (worn)
 l - a +0 buckler (worn)
 n - a +0 helmet (worn)
Jewellery
 q - a +4 ring of evasion (left hand)
Scrolls
 d - a scroll of amnesia {unknown}
 e - a scroll of identify {unknown}
 g - a scroll of teleportation {unknown}
 i - a scroll of acquirement {unknown}
 j - a scroll of magic mapping {unknown}
 m - 3 scrolls of vulnerability {unknown}
 r - 2 scrolls of fear {unknown}
Potions
 c - a potion of flight {unknown}
 h - 2 potions of haste


   Skills:
 + Level 5.3 Fighting
 - Level 4.0 Short Blades
 - Level 1.7 Armour
 - Level 0.8 Dodging
 + Level 3.6 Shields
 - Level 2.4 Invocations


You had 5 spell levels left.
You didn't know any spells.
Your spell library contained the following spells:

 Spells                   Type           Power      Damage    Failure   Level
 Animate Skeleton         Necr           0%         N/A       100%        1
 Apportation              Tloc           0%         N/A       100%        1
 Beastly Appendage        Tmut           0%         N/A       100%        1
 Corona                   Hex            0%         N/A       100%        1
 Summon Small Mammal      Summ           0%         N/A       100%        1
 Wereblood                Tmut           0%         N/A       100%        2
 Confusing Touch          Hex            0%         N/A       100%        3
 Gell's Gravitas          Tloc           0%         N/A       100%        3
 Spider Form              Tmut/Pois      0%         N/A       100%        3
 Ice Form                 Ice/Tmut       0%         N/A       100%        4
 Petrify                  Tmut/Erth      0%         N/A       100%        4
 Hydra Form               Tmut           0%         N/A       100%        5
 Metabolic Englaciation   Hex/Ice        0%         N/A       100%        5
 Yara's Violent Unravell  Hex/Tmut       0%         3d3       100%        5


Dungeon Overview and Level Annotations

Branches:
Dungeon (5/15)
 Temple: D:4-7

Altars:
Zin
The Shining One

Shops:
D:2 *


Innate Abilities, Weirdness & Mutations

You are surrounded by a mild repulsion field. (EV +2)
You sometimes emit foul miasma when damaged in melee.


Message History

Your chain mail prevents you from hitting the ice beast.
The ice beast is heavily wounded.
The ice beast hits you but does no damage.
You closely miss the ice beast.
The ice beast is heavily wounded.
The ice beast hits you. The ice beast freezes you!
* * * LOW HITPOINT WARNING * * *
You barely miss the ice beast.
The ice beast is heavily wounded.
You block the ice beast's attack.
You hit the ice beast.
The ice beast is severely wounded.
The ice beast barely misses you.
You hit the ice beast.
The ice beast is severely wounded.
You block the ice beast's attack.
You barely miss the ice beast.
The ice beast is severely wounded.
The ice beast barely misses you.
You barely miss the ice beast.
The ice beast is severely wounded.
You block the ice beast's attack.
You closely miss the ice beast.
The ice beast is severely wounded.
The ice beast barely misses you.
You closely miss the ice beast.
The ice beast is severely wounded.
You block the ice beast's attack.
You hit the ice beast but do no damage.
The ice beast is severely wounded.
The ice beast hits you.
* * * LOW HITPOINT WARNING * * *
The ice beast freezes you!
* * * LOW HITPOINT WARNING * * *
You emit a cloud of foul miasma!
You closely miss the ice beast.
The ice beast is severely wounded.
The ice beast is engulfed in dark miasma.
The ice beast hits you.
You die...

#........#
########.#
#.# #.#
#.# #.#
#.# #.#
#@# #Y#
#.# #.#
#.# #.#
#.# ...


You could see an ice beast.

Vanquished Creatures
  A black bear (D:4)
  A phantom (D:4)
  2 hounds (D:3)
  A jelly (D:4)
  2 orc priests
  An orc wizard (D:4)
  4 adders
  4 worms
  3 dart slugs
  11 orcs
  5 bats
  5 endoplasms
  2 giant cockroaches
  7 goblins
  10 hobgoblins
  6 jackals
  5 kobolds
  4 quokkas
  8 ball pythons
  3 frilled lizards
  4 rats
89 creatures vanquished.

Notes
Turn   | Place    | Note
-------+----------+-------------------------------------------
     0 | Abyss:1  | polve the Demonspawn Abyssal Knight began the quest for the
                  | Orb.
     0 | Abyss:1  | Reached XP level 1. HP: 18/18 MP: 2/2
    75 | Abyss:1  | Noticed a raiju
    76 | D:1      | Escaped the Abyss
   185 | D:1      | Reached * piety under Lugonu
   207 | D:1      | Gained mutation: You are surrounded by a mild repulsion
                  | field. (EV +2) [demonic ancestry]
   207 | D:1      | Reached XP level 2. HP: 3/24 MP: 3/3
  1499 | D:2      | Reached XP level 3. HP: 28/29 MP: 4/4
  1836 | D:2      | Found Qiprur's Assorted Antiques.
  2198 | D:2      | Gained mutation: You may rarely emit foul miasma when
                  | damaged in melee. [demonic ancestry]
  2198 | D:2      | Reached XP level 4. HP: 23/35 MP: 5/5
  2467 | D:2      | Found a faded altar of an unknown god.
  2700 | D:3      | Reached ** piety under Lugonu
  2893 | D:2      | Reached skill level 1 in Shields
  3167 | D:3      | Gained mutation: You sometimes emit foul miasma when
                  | damaged in melee. [demonic ancestry]
  3167 | D:3      | Reached XP level 5. HP: 15/42 MP: 6/6
  3666 | D:3      | Reached skill level 4 in Fighting
  4394 | D:3      | HP: 2/42 [hound (3)]
  5100 | D:4      | Noticed a black bear
  5113 | D:4      | Killed a black bear
  5114 | D:4      | Reached XP level 6. HP: 28/50 MP: 7/7
  5672 | D:4      | Reached skill level 5 in Fighting
  6359 | D:5      | Entered Level 5 of the Dungeon
  6509 | D:5      | Noticed an ice beast
  6535 | D:5      | HP: 1/51 [ice beast (13)]
  6536 | D:5      | Slain by an ice beast

Illustrated notes

Levels and vault maps discovered:
D:1:      minmay_arrival_three_doors, layout_basic, st_stairs_8
D:2:      minmay_evil_eye, layout_rooms, hellmonk_ecumenical_altar_slurped_away,
          serial_shops, shop, serial_park_tiny_pond
D:3:      layout_basic, old_standard_altar
D:4:      cheibrodos_helix_gallery, layout_loops_ring, zin_academy,
          serial_glass, glass_columns_b, glass_columns_a, glass_columns_a,
          glass_columns_b, glass_columns_c
D:5:      layout_basic, chequers_mini_garden, minmay_between, uniq_eustachio,
          uniq_pikel

Skill      XL: |  1  2  3  4  5  6 |
---------------+-------------------+-----
Short Blades   | 2 3 4 |  4.0
Shields        | 1 2 3 |  3.6
Fighting       | 4 5 |  5.3
Armour         | |  1.7
Dodging        | |  0.8
Invocations    | |  2.4

Action                   |  1- 3 |  4- 6 || total
-------------------------+-------+-------++-------
Melee: Short sword       |   182 |    14 ||   196
       Rapier            |       |   257 ||   257
Invok: Depart the Abyss  |     1 |       ||     1
       Bend Space        |       |     2 ||     2
  Use: Potion            |       |     5 ||     5
Armor: Leather armour    |    29 |       ||    29
       Chain mail        |    47 |   153 ||   200
Dodge: Dodged            |   124 |   103 ||   227
Block: Buckler           |       |    44 ||    44

Table legend: (Time is in decaauts)
 A = Elapsed time spent in this place.
 B = Non-inter-level travel time spent in this place.
 C = Inter-level travel time spent in this place.
 D = Time resting spent in this place.
 E = Time spent auto-exploring this place.
 F = Levels seen in this place.
 G = Mean time per level.
                   A        B        C        D        E       F      G
               +--------+--------+--------+--------+--------+-----+--------+
         Total |   6525 |   6407 |    118 |      0 |   5444 |   6 | 1087.5 |
       Dungeon |   6449 |   6331 |    118 |      0 |   5369 |   5 | 1289.8 |
         Abyss |     76 |     76 |      0 |      0 |     75 |   1 |   76.0 |
               +--------+--------+--------+--------+--------+-----+--------+

Top non-repeatable levels by time:
     D:3: 1861 daAuts
     D:2: 1617 daAuts
     D:4: 1522 daAuts
     D:1: 1391 daAuts
 Abyss:1: 76 daAuts
     D:5: 56 daAuts
